 Dungeon Crawl Stone Soup version 0.31-a0-523-g071a6c1ffa (webtiles) character file.

Game seed: 3861851308766947993

67 arthad the Firebug (level 4, -2/24 HPs)
             Began as a Gargoyle Fire Elementalist on Aug 11, 2023.
             Slain by Sigmund
             ... wielding a +0 scythe
              (8 damage)
             ... on level 3 of the Dungeon.
             The game lasted 00:05:00 (2162 turns).

arthad the Firebug (Gargoyle Fire Elementalist)     Turns: 2162, Time: 00:05:01

Health: -2/24      AC:  5    Str: 12    XL:     4   Next: 18%
Magic:  0/7        EV: 12    Int: 17    God:
Gold:   154        SH:  0    Dex: 10    Spells: 4/7 levels left

rFire   . . .        (no weapon)
rCold   . . .        (no shield)
rNeg    + . .        a - +0 robe
rPois   ∞            (no helmet)
rElec   +            (no cloak)
rCorr   .            (no gloves)
SInv    .            (no boots)
Will    .....        j - amulet of the acrobat
Stlth   ++           (no ring)
HPRegen 0.24/turn    (no ring)
MPRegen 0.10/turn

%: acrobat
@: no status effects
A: sickness immunity, AC +3, negative energy resistance 1, electricity
resistance, torment resistance 1, petrification resistance
a: no special abilities


You were on level 3 of the Dungeon.
You visited 1 branch of the dungeon, and saw 3 of its levels.

You collected 154 gold pieces.

Inventory:

Missiles
 d - 3 atropa-tipped darts
 f - 2 poisoned darts
Armour
 a - a +0 robe (worn)
Jewellery
 j - an amulet of the acrobat (around neck)
Scrolls
 g - 4 scrolls of teleportation {unknown}
 i - 3 scrolls of identify {unknown}
 l - a scroll of amnesia {unknown}
Potions
 b - a potion of magic
 c - 2 potions of haste {unknown}
 e - 3 potions of lignification {unknown}
 h - a potion of might {unknown}
 k - a potion of enlightenment {unknown}
 m - a potion of cancellation {unknown}
 n - a potion of mutation {unknown}


   Skills:
 + Level 0.7 Fighting
 + Level 1.1 Armour
 + Level 1.9 Dodging
 + Level 2.6 Stealth
 * Level 2.4 Spellcasting
 * Level 2.0 Conjurations
 + Level 0.0 Translocations
 * Level 3.4 Fire Magic


You had 4 spell levels left.
You knew the following spells:

 Your Spells              Type           Power      Damage    Failure   Level
a - Foxfire               Conj/Fire      44%        2x1d6     6%          1
b - Scorch                Fire           26%        2d6       7%          2

Your spell library contained the following spells:

 Spells                   Type           Power      Damage    Failure   Level
 Momentum Strike          Conj/Tloc      10%        3d8       19%         2
 Volatile Blastmotes      Fire/Tloc      14%        2d11      26%         3
 Blink                    Tloc           4%         N/A       28%         2
 Lesser Beckoning         Tloc           4%         N/A       28%         2
 Inner Flame              Hex/Fire       7%         N/A       28%         3
 Flame Wave               Conj/Fire      11%        2d6       52%         4


Dungeon Overview and Level Annotations

Branches:
Dungeon (3/15)

Altars:
Okawaru

Annotations:
D:3 Sigmund


Innate Abilities, Weirdness & Mutations

You are immune to sickness and miasma.
Your stone body is resilient. (AC +3)
You are immune to poison.
You resist negative energy. (rN+)
You are resistant to electric shocks. (rElec)
You are resistant to unholy torment.
You are immune to petrification.


Message History

You conjure some foxfire!
Sigmund seems less confused.
Sigmund hits you with a +0 scythe!
Sigmund is no longer more vulnerable to fire.
The foxfire hits Sigmund.
Sigmund is almost dead.
The foxfire hits Sigmund.
Sigmund is almost dead.
Casting: Foxfire (safe; 6% risk of failure)
Press: ? - help, Q - select action, (/) - cycle Dir - look around, f - activate You conjure some foxfire!
Sigmund gestures at you while chanting. The puff of flame hits you!
* * * LOW HITPOINT WARNING * * *
Sigmund is no longer blind.
The foxfire hits Sigmund but does no damage.
Sigmund is almost dead.
The foxfire hits Sigmund but does no damage.
Sigmund is almost dead.
Sigmund completely misses you.
Throw: 4 darts (atropa)
Press: ? - help, Shift-Dir - straight line, f - Sigmund
Aim: Sigmund, wielding a +0 scythe and wearing a +2 robe of willpower (almost dead, 45% to hit, chance to blind on hit: 80%)
You throw an atropa-tipped dart. The atropa-tipped dart hits Sigmund.
Sigmund appears confused.
Sigmund is almost dead.
You don't have enough magic to cast this spell.
Throw: 4 darts (poison)
Press: ? - help, Shift-Dir - straight line, f/p - Sigmund
Aim: Sigmund, wielding a +0 scythe and wearing a +2 robe of willpower (almost dead, blind, 45% to hit)
You throw a poisoned dart. The poisoned dart hits Sigmund.
Sigmund is poisoned.
Sigmund is almost dead.
You don't have enough magic to cast this spell.
Throw: 3 darts (poison)
Press: ? - help, Shift-Dir - straight line, f/p - Sigmund
Aim: Sigmund, wielding a +0 scythe and wearing a +2 robe of willpower (almost dead, wandering, blind, poisoned, hasn't noticed you, 45% to hit)
You throw a poisoned dart.
The poisoned dart closely misses Sigmund.
Sigmund is no longer blind.
Sigmund hits you from afar with a +0 scythe!
You die...

#.# #.....# #.#
#.###.# #.# #.# #.#
#.# #.# #)# #.# #.#
#.# #.# #.#
#.######. #.#
#>###......_.
#.######.#......###.
#...@.@...(######
########(###
#########(#
#...).....#
#.######### #.# #.#
#.# #####.#


You could see Sigmund (poisoned).

Vanquished Creatures
  2 adders
  2 dart slugs (D:1)
  4 ball pythons
  An endoplasm (D:1)
  A giant cockroach (D:1)
  4 goblins (D:1)
  7 hobgoblins
  7 kobolds
  3 quokkas (D:1)
  3 bats (D:1)
  2 frilled lizards
  4 rats
40 creatures vanquished.

Vanquished Creatures (others)
  149 foxfires
149 creatures vanquished.

Grand Total: 189 creatures vanquished

Notes
Turn   | Place    | Note
-------+----------+-------------------------------------------
     0 | D:1      | arthad the Gargoyle Fire Elementalist began the quest for
                  | the Orb.
     0 | D:1      | Reached XP level 1. HP: 10/10 MP: 3/3
   222 | D:1      | Reached XP level 2. HP: 15/15 MP: 3/5
   575 | D:1      | Reached XP level 3. HP: 20/20 MP: 0/6
  1274 | D:2      | Reached skill level 1 in Armour
  1958 | D:3      | Found a faded altar of an unknown god.
  1985 | D:3      | Reached XP level 4. HP: 24/24 MP: 4/7
  2080 | D:3      | Found an iron altar of Okawaru.
  2080 | D:3      | Noticed Sigmund
  2085 | D:3      | Learned a level 2 spell: Scorch
  2162 | D:3      | Slain by Sigmund

Illustrated notes

Levels and vault maps discovered:
D:1:      saegor_arrival_simple_e, layout_basic, hex_tiny,
          serial_park_tiny_pond, minmay_large_rounded_square
D:2:      layout_basic
D:3:      layout_loops_ring, okawaru_ov_weapons_minmay,
          ebering_ghost_disaster_area, shapermc_ecumenical_altar_mp_highgroup,
          grunt_ministairs_8, pf_guarded_unrand_meek, uniq_sigmund

Skill      XL: |  1  2  3 |
---------------+----------+-----
Conjurations   | 2 |  2.0
Armour         | 1 |  1.1
Fighting       | |  0.7
Dodging        | |  1.9
Stealth        | |  2.6
Spellcasting   | |  2.4
Fire Magic     | |  3.4

Action                     |  1- 3 |  4- 6 || total
---------------------------+-------+-------++-------
  Melee: Unarmed           |     3 |     3 ||     6
  Throw: Dart              |       |     4 ||     4
   Cast: Foxfire           |    76 |    10 ||    86
         Scorch            |       |     2 ||     2
 Armour: Robe              |     6 |     5 ||    11
  Dodge: Dodged            |     9 |    34 ||    43

Table legend: (Time is in decaauts)
 A = Elapsed time spent in this place.
 B = Non-inter-level travel time spent in this place.
 C = Inter-level travel time spent in this place.
 D = Time resting spent in this place.
 E = Time spent auto-exploring this place.
 F = Levels seen in this place.
 G = Mean time per level.
                   A        B        C        D        E       F      G
               +--------+--------+--------+--------+--------+-----+--------+
         Total |   2161 |   2119 |     42 |      6 |   1774 |   3 |  720.3 |
       Dungeon |   2161 |   2119 |     42 |      6 |   1774 |   3 |  720.3 |
               +--------+--------+--------+--------+--------+-----+--------+

Top non-repeatable levels by time:
     D:1: 1098 daAuts
     D:2: 677 daAuts
     D:3: 385 daAuts
